 Dungeon Crawl Stone Soup version 0.26.1-11-gd32895ea62 (webtiles) character file.

Game seed: 2829366046439750042

1714 nothank2 the Carver (level 9, -1/74 HPs)
             Began as a Formicid Fighter on July 11, 2021.
             Was an Initiate of Makhleb.
             Slain by a polar bear (21 damage)
             ... created by the rage of Trog
             ... on level 5 of the Dungeon.
             The game lasted 00:16:09 (6532 turns).

nothank2 the Carver (Formicid Fighter)              Turns: 6532, Time: 00:16:11

Health: -1/74      AC:  9    Str: 24    XL:     9   Next: 24%
Magic:  9/9        EV:  8    Int:  8    God:    Makhleb [......]
Gold:   258        SH:  9    Dex: 10    Spells: 8/8 levels left

rFire    x . .     SeeInvis +   G - +6 falchion
rCold    + . .     Faith    .   c - +0 kite shield
rNeg     . . .     Spirit   .   b - +0 scale mail
rPois    .         Reflect  .   (helmet unavailable)
rElec    .         Harm     .   (no cloak)
rCorr    .         Rampage  .   (no gloves)
Will     .....                  A - +1 pair of boots
Stlth    ..........             r - amulet of regeneration
HPRegen  0.62/turn              C - ring of ice
MPRegen  0.11/turn              n - +4 ring of slaying

@: no status effects
A: permanent stasis, dig shafts and tunnels, four strong arms, antennae 3
a: Dig, Shaft Self, Renounce Religion


You were on level 5 of the Dungeon.
You worshipped Makhleb.
Makhleb was noncommittal.
You visited 2 branches of the dungeon, and saw 7 of its levels.

You collected 258 gold pieces.

Inventory:

Hand Weapons
 a - a +0 long sword
 G - a +6 falchion (weapon)
Missiles
 x - 7 boomerangs (quivered)
Armour
 b - a +0 scale mail (worn)
 c - a +0 kite shield (worn)
 A - a +1 pair of boots (worn)
Jewellery
 j - an uncursed ring of magical power
 n - a +4 ring of slaying (right hand)
 r - an amulet of regeneration (around neck)
 y - an uncursed ring of wizardry
 C - a ring of ice (left hand)
Wands
 u - a wand of enslavement (11)
Scrolls
 f - 4 scrolls of remove curse
 g - a scroll of fear {unknown}
 h - 2 scrolls of identify
 l - a scroll of enchant weapon
 m - a scroll of immolation
 o - a scroll of noise {unknown}
 q - 2 scrolls of magic mapping
 s - 2 scrolls of teleportation
 w - a scroll of enchant armour
Potions
 d - a potion of might
 e - 2 potions of lignification
 i - a potion of haste
 k - 5 potions of curing
 p - a potion of heal wounds
 t - 4 potions of attraction
 z - a potion of resistance {unknown}
 B - a potion of degeneration
 D - a potion of berserk rage
 E - 3 potions of flight


   Skills:
 + Level 7.8 Fighting
 * Level 9.4 Long Blades
 - Level 3.2 Armour
 - Level 3.6 Shields


You had 8 spell levels left.
You didn't know any spells.
Your spell library was empty.

Dungeon Overview and Level Annotations

Branches:
Dungeon (6/15)             Temple (1/1) D:4

Altars:
Ashenzari
Cheibriados
Elyvilon
Gozag
Hepliaklqana
Kikubaaqudgha
Makhleb
Nemelex Xobeh
Qazlal
Ru
Sif Muna
Trog
Uskayaw
Vehumet
Yredelemnul
Zin

Shops:
D:4 =


Innate Abilities, Weirdness & Mutations

You cannot be hasted, slowed, berserked, paralysed or teleported.
You can dig through walls and to a lower floor.
Your four strong arms can wield two-handed weapons with a shield.
You have a pair of large antennae on your head. (SInv)


Message History

You block the polar bear's attack. x2
The polar bear claws you but does no damage.
The polar bear bites you!
The polar bear claws you but does no damage.
The polar bear misses you.
You climb upwards.
There is a stone staircase leading down here.
You hit the polar bear.
The polar bear is lightly wounded.
The polar bear bites you!! You block the polar bear's attack. x2
You slash the polar bear!
The polar bear is moderately wounded.
The polar bear barely misses you. The polar bear closely misses you. x2
You hit the polar bear.
The polar bear is moderately wounded.
The polar bear bites you.
* * * LOW HITPOINT WARNING * * *
The polar bear claws you but does no damage. x2
The polar bear bites you!!
You die...

....# #..............#
....# #......[......##
....# #.[...[)....###
....# #######.[...#
...## ##.....## ...#
##......# #### ...#
#.......###..## ####
##)............# #
##.......@......#
##.........h.....#
##................#
###>................#
##...................#
###.....##............##
#......####...........#
......## #..........##
....### ###.......##


You could see a polar bear (berserk).

Vanquished Creatures
  Menkaure (D:5)
  A black bear (D:5)
  3 ogres
  A centaur (D:5)
  7 scorpions
  4 wights
  A hound (D:4)
  A jelly (D:3)
  4 orc priests
  A centaur skeleton (D:5)
  An iguana (D:4)
  2 orc wizards
  6 worker ants
  A howler monkey skeleton (D:4)
  11 adders
  3 shadow imps
  2 oozes (D:2)
  3 worms
  3 dart slugs (D:1)
  3 leopard geckos
  18 orcs
  5 giant cockroaches
  11 goblins
  13 hobgoblins
  4 jackals (D:2)
  4 kobolds
  4 quokkas
  13 bats
  3 frilled lizards
  5 rats
139 creatures vanquished.

Vanquished Creatures (others)
  6 fungi (D:5)
6 creatures vanquished.

Grand Total: 145 creatures vanquished

Notes
Turn   | Place    | Note
-------+----------+-------------------------------------------
     0 | D:1      | nothank2 the Formicid Fighter began the quest for the Orb.
     0 | D:1      | Reached XP level 1. HP: 18/18 MP: 1/1
    48 | D:1      | Reached XP level 2. HP: 21/24 MP: 2/2
   621 | D:1      | Reached XP level 3. HP: 30/30 MP: 3/3
   717 | D:1      | Reached skill level 3 in Long Blades
  1160 | D:2      | Reached XP level 4. HP: 35/37 MP: 4/4
  1309 | D:2      | Found a white marble altar of Elyvilon.
  1440 | D:2      | Reached skill level 4 in Long Blades
  1444 | D:2      | Reached XP level 5. HP: 40/42 MP: 5/5
  2533 | D:3      | Reached XP level 6. HP: 48/49 MP: 6/6
  2706 | D:4      | Reached skill level 5 in Long Blades
  2709 | D:4      | Reached skill level 5 in Fighting
  3136 | D:4      | Noticed an ogre
  3140 | D:4      | Killed an ogre
  3141 | D:4      | Reached XP level 7. HP: 44/56 MP: 7/7
  3266 | D:4      | Reached skill level 6 in Long Blades
  3386 | D:4      | Found Piul's Jewellery Shop.
  3722 | D:4      | Found a staircase to the Ecumenical Temple.
  3751 | Temple   | Entered the Ecumenical Temple
  4092 | Temple   | Became a worshipper of Trog the Wrathful
  4153 | D:4      | HP: 1/57 [ogre/+0 giant spiked club (30)]
  4590 | D:4      | Reached skill level 7 in Long Blades
  4698 | D:4      | Reached XP level 8. HP: 64/64 MP: 8/8
  4786 | D:5      | Entered Level 5 of the Dungeon
  5319 | D:5      | Noticed Menkaure
  5331 | D:5      | Killed Menkaure
  5333 | D:5      | Reached skill level 8 in Long Blades
  5546 | Temple   | Fell from the grace of Trog
  5546 | Temple   | Became a worshipper of Makhleb the Destroyer
  5800 | D:5      | Paralysed by Trog for 7 turns
  5962 | D:5      | Reached XP level 9. HP: 68/72 MP: 9/9
  5967 | D:5      | Reached skill level 9 in Long Blades
  6010 | D:5      | Found the +7 Singing Sword {vorpal, sonic wave}
  6509 | D:6      | Noticed a polar bear
  6532 | D:5      | Slain by a polar bear

Illustrated notes

Levels and vault maps discovered:
D:1:      giann_forest_graveyard, layout_loops_ring, serial_glass,
          glass_columns_b, glass_columns_a, feat_on_display, item_on_display_a,
          due_unseen_surprise, feat_on_display, hex_large, minmay_unequal
D:2:      layout_loops_ring, lemuel_coloured_pillars_altar, corner_web_ring,
          minmay_misc_feat_rugged
D:3:      layout_rooms, kennysheep_generic_room_11
D:4:      layout_loops_cross, minmay_temple_entry_junction_2, serial_shops,
          kennysheep_little_box
D:5:      old_forge, layout_cave_pods, uniq_menkaure
D:6:      layout_cave_pods
Temple:   regret_index_temple_generic_petals

Skill      XL: |  1  2  3  4  5  6  7  8  9 |
---------------+----------------------------+-----
Long Blades    | 3 4 5 7 8 9 |  9.4
Fighting       | 4 5 6 7 |  7.8
Armour         | |  3.2
Shields        | |  3.6

Action                   |  1- 3 |  4- 6 |  7- 9 || total
-------------------------+-------+-------+-------++-------
Melee: Long sword        |    92 |   137 |   103 ||   332
       Falchion          |       |       |    89 ||    89
  Use: Scroll            |       |       |    17 ||    17
 Stab: Distracted        |     1 |       |       ||     1
Armor: Scale mail        |    51 |    57 |    59 ||   167
Dodge: Dodged            |    25 |    40 |    48 ||   113
Block: Kite shield       |    60 |    78 |   110 ||   248
       Rpst.: Long sword |     6 |    17 |     9 ||    32
       Falchion          |       |       |     6 ||     6
